 Dungeon Crawl Stone Soup version 0.30-a0-1094-g860fb061e7 (webtiles) character file.

Game seed: 18220312792538827160

40973 jasper the Marksspriggan (level 13, -3/65 HPs)
             Began as a Spriggan Hunter on Apr 17, 2023.
             Was a High Priest of Okawaru.
             Slain by a freezing wraith (22 damage)
             ... on level 13 of the Dungeon.
             The game lasted 00:29:17 (17720 turns).

jasper the Marksspriggan (Spriggan Hunter)         Turns: 17720, Time: 00:29:18

Health: -3/65      AC: 18    Str:  9    XL:     13   Next: 77%
Magic:  27/29      EV: 25    Int: 15    God:    Okawaru [*****.]
Gold:   1090       SH:  0    Dex: 30    Spells: 12/12 levels left

rFire   + + +      SeeInvis +    a - +0 arbalest (flame)
rCold   x . .      Faith    +    (shield currently unavailable)
rNeg    + + .      Spirit   .    C - +2 fire dragon scales
rPois   +          Reflect  .    P - +2 hat
rElec   .          Rampage  .    R - +1 cloak {rPois}
rCorr   .                        (gloves unavailable)
Will    ++...                    (boots unavailable)
Stlth   ++++++                   E - amulet of faith
HPRegen 0.30/turn                l - ring "Suuliu Eple" {rF+ rN++ Int+3 Dex+6}
MPRegen 0.21/turn                A - ring of the Conjuring Gods {MP+9 Str-2 Dex+6 Slay+4 SInv}

@: heroic, slowed, quick
A: very small, no large weapons, unfitting armour, see invisible, speed 3
a: Renounce Religion, Heroism, Finesse, Duel


You were on level 13 of the Dungeon.
You worshipped Okawaru.
Okawaru was extremely pleased with you.
You visited 4 branches of the dungeon, and saw 21 of its levels.

You collected 1361 gold pieces.
You spent 271 gold pieces at shops.

Inventory:

Hand Weapons
 a - a +0 arbalest of flaming (weapon)
 L - the +2 shortbow of Ikhlesen {freeze, rN++}
   (Okawaru gifted it to you on level 9 of the Dungeon)

   rN:        It greatly protects you from negative energy.
 W - the +3 sling "Grim" {elec, rPois rC+}
   (You found it on level 1 of the Lair of Beasts)

   rC:        It protects you from cold.
   rPois:     It protects you from poison.
Missiles
 F - a throwing net
 H - 12 curare-tipped darts
Armour
 f - the +0 cloak of Vusuurr {Will+}
   (Okawaru gifted it to you on level 4 of the Lair of Beasts)

   Will:      It increases your willpower.
 j - a scarf of repulsion
 C - +2 fire dragon scales (worn)
 G - a +2 cloak
 P - a +2 hat (worn)
 R - a +1 cloak of poison resistance (worn)
Jewellery
 l - the ring "Suuliu Eple" (left hand) {rF+ rN++ Int+3 Dex+6}
   (You acquired it on level 5 of the Dungeon)

   [ring of dexterity]

   Int:       It affects your intelligence (+3).
   Dex:       It affects your dexterity (+6).
   rF:        It protects you from fire.
   rN:        It greatly protects you from negative energy.
 v - a ring of resist corrosion
 A - the ring of the Conjuring Gods (right hand) {MP+9 Str-2 Dex+6 Slay+4 SInv}
   (You found it on level 4 of the Lair of Beasts)

   [ring of slaying]

   Str:       It affects your strength (-2).
   Dex:       It affects your dexterity (+6).
   Slay:      It affects your accuracy & damage with ranged weapons and melee
   (+4).
   MP:        It affects your magic capacity (+9).
   SInv:      It lets you see invisible.
 E - an amulet of faith (around neck)
 K - a +6 ring of intelligence
 S - a ring of willpower
 X - an amulet of reflection
 Y - the ring of the Destroying Gods {rPois rCorr Int+2}
   (You found it on level 2 of the Lair of Beasts)

   [ring of poison resistance]

   Int:       It affects your intelligence (+2).
   rPois:     It protects you from poison.
   rCorr:     It protects you from acid and corrosion.
 Z - a ring of flight
Wands
 r - a wand of roots (41)
 x - a wand of flame (48)
 z - a wand of polymorph (9)
 O - a wand of mindburst (3)
Scrolls
 b - 3 scrolls of immolation
 e - 8 scrolls of teleportation
 n - a scroll of fog
 p - 2 scrolls of magic mapping
 u - 3 scrolls of enchant weapon
 w - 2 scrolls of poison
 y - 2 scrolls of vulnerability
 B - 2 scrolls of brand weapon
 D - 4 scrolls of fear
 I - 2 scrolls of amnesia
 M - 8 scrolls of identify
 Q - a scroll of enchant armour
 V - 3 scrolls of blinking
Potions
 d - 4 potions of berserk rage
 g - 3 potions of degeneration
 h - 3 potions of magic
 i - 4 potions of curing
 k - 4 potions of haste
 m - 3 potions of attraction
 o - 3 potions of heal wounds {unknown}
 q - a potion of resistance {unknown}
 s - 3 potions of lignification {unknown}
 t - 3 potions of flight {unknown}
 J - a potion of mutation {unknown}
 N - 2 potions of brilliance {unknown}
 U - 2 potions of ambrosia
Miscellaneous
 c - a condenser vane


   Skills:
 - Level 6.5(11.5) Fighting
 + Level 17.0(22.0) Ranged Weapons
 - Level 6.1(11.1) Armour
 - Level 10.4(15.4) Dodging
 - Level 11.6(16.6) Stealth
 - Level 8.4 Invocations
 - Level 2.7 Evocations


You had 12 spell levels left.
You didn't know any spells.
Your spell library contained the following spells:

 Spells                   Type           Power      Damage    Failure   Level
 Sandblast                Erth           0%         2d4       88%         1
 Cigotuvi's Dreadful Rot  Necr/Pois/Air  0%         N/A       96%         2
 Ensorcelled Hibernation  Hex/Ice        0%         N/A       96%         2
 Passwall                 Tmut/Erth      0%         N/A       96%         2
 Ignite Poison            Fire/Tmut/Pois 0%         N/A       99%         3
 Spider Form              Tmut/Pois      0%         N/A       99%         3
 Stone Arrow              Conj/Erth      0%         3d7       99%         3
 Anguish                  Hex/Necr       0%         N/A       100%        4
 Freezing Cloud           Conj/Ice/Air   0%         6-21      100%        5


Dungeon Overview and Level Annotations

Branches:
Dungeon (14/15)            Temple (1/1) D:5            Lair (5/5) D:9
 Shoals (0/4) Lair:2       Spider (0/4) Lair:3        Slime (0/5) Lair:4
    Orc (1/2) D:10
 Vaults: D:13-14

Altars:
Ashenzari
Cheibriados
Dithmenos
Elyvilon
Fedhas
Gozag
Hepliaklqana
Kikubaaqudgha
Makhleb
Nemelex Xobeh
Okawaru
Qazlal
Ru
Sif Muna
Trog
Uskayaw
Vehumet
Wu Jian
Xom
Yredelemnul
Zin
The Shining One

Shops:
D:8 *   D:11 [

Annotations:
D:6 3 runed translucent doors, demibob's ghost, novice DsNe
D:10 2 runed translucent doors, Biggs's ghost, journeyman VSMo
D:12 2 transporters, hollowman's ghost, journeyman GrEE
Orc:1 Fannar; Harold


Innate Abilities, Weirdness & Mutations

You are very small and have problems with some larger weapons.
You are too small for most types of armour.
You have supernaturally acute eyesight. (SInv)
You cover ground extremely quickly. (Speed+++)


Message History

You kill the orc wizard!
Okawaru accepts your kill. The freezing wraith hits you.
The freezing wraith freezes you!!
You feel a terrible chill!
The freezing wraith completely misses you.
You climb upwards.
There is a stone staircase leading down here.
You take 32 damage, and have 33/65 hp.
MASSIVE DAMAGE!!
Fire: a) +0 arbalest (flame)
Press: ? - help, Q - select action, (/) - cycle Shift-Dir - straight line, f - freezing wraith
Aim: a freezing wraith (75% to hit)
You shoot a bolt.
The bolt completely misses the freezing wraith.
The freezing wraith hits you but does no damage.
The freezing wraith completely misses you.
Fire: a) +0 arbalest (flame)
Press: ? - help, Q - select action, (/) - cycle Shift-Dir - straight line, f/p - freezing wraith
Aim: a freezing wraith (75% to hit)
You shoot a bolt. The bolt hits the freezing wraith!
The bolt burns the freezing wraith.
The freezing wraith is moderately damaged.
The freezing wraith completely misses you.
The freezing wraith hits you but does no damage.
You gain the combat prowess of a mighty hero.
The freezing wraith hits you but does no damage.
The freezing wraith hits you. The freezing wraith drains your vigour!
You feel yourself slow down.
You take 5 damage, and have 29/65 hp.
You now have 27/29 mp.
Fire: a) +0 arbalest (flame)
Press: ? - help, Q - select action, (/) - cycle Shift-Dir - straight line, f/p - freezing wraith
Aim: a freezing wraith (moderately damaged, 77% to hit)
You shoot a bolt. The bolt hits the freezing wraith!
The bolt burns the freezing wraith!
The freezing wraith is almost destroyed.
The freezing wraith hits you but does no damage.
The freezing wraith completely misses you.
The freezing wraith hits you!
* * * LOW HITPOINT WARNING * * *
The freezing wraith freezes you!!
You feel a terrible chill!
You die...

...# ##...## #...# #.# .###
##..>..### #...# #.#
#########........# #...#####.#
##.............#.######...##.....
##.............#.................
##.....##..#.....................
##.....##..#...#...............#.
##.....##..##.##.######...##.#...
##.........)...W@# #...##.....
##.#######.##.#### #...#####.#
##.# #.##.# #...# #.#
...#######.##.# #...# #..
###........##.# #...#####.# #
#..###.####.# ##<......... ###.##
##.###.# #......##..# ....#
#.....# ####.#.##.##... ###.##
##.##### #.............#


You could see a freezing wraith.

Vanquished Creatures
  Nessos (Lair:5)
  Erolcha (D:11)
  3 hydras
  A catoblepas (Lair:5)
  3 two-headed ogres
  A boulder beetle (Lair:3)
  6 death yaks
  Sonja (Lair:5)
  An orb spider (Lair:3)
  A deep elf pyromancer (D:12)
  A cyclops (D:10)
  3 manticores
  A black mamba (Lair:2)
  3 elephants (Lair:2)
  A merfolk siren (Lair:2)
  A torpor snail (Lair:4)
  11 cane toads
  3 gargoyles
  Maurice (D:13)
  2 rime drakes
  7 komodo dragons
  3 trolls
  8 blink frogs (Lair:2)
  13 slime creatures
  A centaur simulacrum (D:14)
  6 shadows
  3 vampires
  45 yaks
  2 wyverns (D:10)
  4 wraiths
  2 basilisks
  3 steam dragons
  17 water moccasins
  An acid dragon (D:11)
  An ice beast (D:6)
  4 black bears
  4 orc warriors
  A sky beast (D:7)
  5 centaurs
  2 ogres (D:5)
  10 bullfrogs
  4 gnoll sergeants
  2 kobold brigands
  3 scorpions
  A wight (D:10)
  A hornet simulacrum (D:14)
  9 killer bees (D:9)
  2 jellies
  3 howler monkeys
  An electric eel (Lair:1)
  3 orc priests
  5 hounds
  A gnoll bouda (D:6)
  5 iguanas
  3 sleepcaps
  7 orc wizards
  5 hell rats
  21 gnolls
  7 adders
  2 river rats
  A shadow imp (D:5)
  2 white imps
  2 ufetubi
  5 worms
  2 dart slugs
  25 orcs
  4 ball pythons
  5 endoplasms
  3 giant cockroaches
  4 goblins
  A hobgoblin (D:2)
  8 jackals
  13 kobolds
  4 quokkas
  2 bats
  3 frilled lizards
  3 rats
360 creatures vanquished.

Vanquished Creatures (others)
  A human (D:3)
  16 fungi
  25 plants
42 creatures vanquished.

Grand Total: 402 creatures vanquished

Notes
Turn   | Place    | Note
-------+----------+-------------------------------------------
     0 | D:1      | jasper the Spriggan Hunter began the quest for the Orb.
     0 | D:1      | Reached XP level 1. HP: 10/10 MP: 2/2
   355 | D:1      | Reached XP level 2. HP: 15/15 MP: 3/3
   713 | D:1      | Found a faded altar of an unknown god.
   988 | D:2      | Reached XP level 3. HP: 13/18 MP: 4/4
  1423 | D:3      | Reached XP level 4. HP: 23/23 MP: 5/5
  1625 | D:3      | Found an ancient bone altar of Kikubaaqudgha.
  1625 | D:3      | Noticed a human
  1630 | D:3      | Killed a human
  1668 | D:3      | Found a sparkling altar of Nemelex Xobeh.
  1920 | D:3      | Found a basalt altar of Yredelemnul.
  2291 | D:4      | Noticed a water moccasin
  2435 | D:4      | Reached skill level 5 in Ranged Weapons
  2585 | D:5      | Entered Level 5 of the Dungeon
  2585 | D:5      | Noticed a scorpion
  2611 | D:4      | Reached XP level 5. HP: 27/27 MP: 6/6
  2881 | D:5      | Found a staircase to the Ecumenical Temple.
  2888 | Temple   | Entered the Ecumenical Temple
  2911 | Temple   | Became a worshipper of Warmaster Okawaru
  3061 | D:5      | Noticed an ogre
  3096 | D:5      | Killed an ogre
  3097 | D:5      | Reached XP level 6. HP: 32/32 MP: 7/7
  3213 | D:5      | Reached skill level 6 in Ranged Weapons
  3213 | D:5      | Reached skill level 5 in Stealth
  3342 | D:5      | Reached skill level 5 in Dodging
  3342 | D:5      | Reached XP level 7. HP: 36/36 MP: 8/8
  3510 | D:5      | Reached * piety under Okawaru
  4187 | D:5      | Reached skill level 1 in Invocations
  4201 | D:5      | Identified the +0 pair of gloves of the Loofah {rF+ Dex+3}
  4313 | D:5      | Identified a scroll of acquirement
  4313 | D:5      | Acquired the ring "Suuliu Eple" {rF+ rN++ Int+3 Dex+6}
  4860 | D:6      | Reached skill level 7 in Ranged Weapons
  4860 | D:6      | Reached XP level 8. HP: 40/41 MP: 7/10
  5086 | D:6      | Reached ** piety under Okawaru
  5121 | D:6      | Found a runed translucent gate.
  5122 | D:6      | Found a runed translucent gate.
  5123 | D:6      | Found a runed translucent gate.
  5123 | D:6      | Noticed demibob's ghost (novice DsNe)
  5189 | D:6      | Found a blossoming altar of Fedhas.
  5332 | D:6      | Reached skill level 8 in Ranged Weapons
  5902 | D:8      | Reached XP level 9. HP: 46/46 MP: 11/11
  5920 | D:7      | Found a radiant altar of Vehumet.
  6571 | D:8      | Reached skill level 9 in Ranged Weapons
  6677 | D:8      | Reached *** piety under Okawaru
  6678 | D:8      | Reached skill level 5 in Fighting
  6694 | D:8      | Reached **** piety under Okawaru
  6749 | D:8      | Found Ymuavic's Assorted Antiques.
  6761 | D:8      | Bought a scroll of fear for 96 gold pieces
  7046 | D:8      | Noticed a two-headed ogre
  7084 | D:8      | Killed a two-headed ogre
  7085 | D:8      | Reached skill level 10 in Ranged Weapons
  7085 | D:8      | Reached skill level 10 in Stealth
  7085 | D:8      | Reached XP level 10. HP: 52/52 MP: 12/12
  7397 | D:9      | Noticed a death yak
  7438 | D:8      | Killed a death yak
  7578 | D:9      | Noticed a death yak
  7580 | D:9      | Noticed a death yak
  7600 | D:9      | Killed a death yak
  7600 | D:9      | Reached ***** piety under Okawaru
  7610 | D:9      | Killed a death yak
  7622 | D:9      | Reached skill level 11 in Ranged Weapons
  7710 | D:9      | Found a staircase to the Lair.
  7799 | D:9      | Found a glowing silver altar of Zin.
  7926 | D:9      | Found a shimmering altar of Xom.
  7928 | D:9      | Found a shimmering altar of Xom.
  8006 | D:9      | Found a shimmering altar of Xom.
  8006 | D:9      | Found a shimmering altar of Xom.
  8007 | D:9      | Found a shimmering altar of Xom.
  8009 | D:9      | Found a shimmering altar of Xom.
  8031 | D:9      | Reached skill level 10 in Dodging
  8207 | D:9      | Reached skill level 1 in Armour
  8405 | D:9      | Identified the +2 shortbow of Ikhlesen {freeze, rN++}
                  | (Okawaru gifted it to you on level 9 of the Dungeon)
  8405 | D:9      | Received a gift from Okawaru
  8419 | D:10     | Entered Level 10 of the Dungeon
  8650 | D:10     | Found a hazy altar of Hepliaklqana.
  8650 | D:10     | Found a snail-covered altar of Cheibriados.
  8776 | D:10     | Reached XP level 11. HP: 40/56 MP: 13/13
  8945 | D:10     | Found a large runed translucent door.
  8946 | D:10     | Found a large runed translucent door.
  8948 | D:10     | Noticed Biggs's ghost (journeyman VSMo)
  9142 | D:10     | Found a staircase to the Orcish Mines.
  9505 | D:10     | Reached skill level 12 in Ranged Weapons
  9689 | D:11     | Found Ker Jawn's Armour Shop.
  9692 | D:11     | Bought a +1 cloak of poison resistance for 175 gold pieces
  9907 | D:11     | You fall into a shaft and drop 2 floors!
 10135 | D:13     | Reached ****** piety under Okawaru
 10135 | D:13     | Received a gift from Okawaru
 10428 | D:11     | Noticed Erolcha
 10492 | D:12     | Found a transporter.
 10497 | D:12     | Found a transporter.
 10498 | D:12     | Noticed hollowman's ghost (journeyman GrEE)
 10523 | D:12     | Noticed a deep elf pyromancer
 10580 | D:11     | Noticed a two-headed ogre
 10606 | D:11     | Killed a two-headed ogre
 10607 | D:11     | Reached skill level 13 in Ranged Weapons
 10869 | Lair:1   | Entered Level 1 of the Lair of Beasts
 10950 | Lair:1   | Found an ornate altar of the Wu Jian Council.
 11185 | Lair:1   | Identified the +3 sling "Grim" {elec, rPois rC+}
 11419 | Lair:1   | Identified the +0 robe of Qagytick {-Tele Str+5 Dex+6}
                  | (Okawaru gifted it to you on level 1 of the Lair of Beasts)
 11419 | Lair:1   | Received a gift from Okawaru
 11427 | Lair:1   | Reached skill level 14 in Ranged Weapons
 11554 | Lair:2   | Reached XP level 12. HP: 61/61 MP: 14/14
 11664 | Lair:2   | Reached skill level 5 in Armour
 11783 | Lair:2   | Found a staircase to the Shoals.
 11884 | Lair:2   | Reached skill level 15 in Ranged Weapons
 12180 | Lair:2   | Identified the ring of the Destroying Gods {rPois rCorr
                  | Int+2}
 12312 | Lair:2   | Noticed an eight-headed hydra
 12352 | Lair:2   | Killed an eight-headed hydra
 12702 | Lair:3   | Received a gift from Okawaru
 12798 | Lair:3   | Noticed a boulder beetle
 12820 | Lair:3   | Killed a boulder beetle
 13271 | Lair:3   | Found a hole to the Spider Nest.
 13282 | Lair:3   | Reached skill level 16 in Ranged Weapons
 13339 | Lair:3   | HP: 3/61 [poisoned by a water moccasin]
 14050 | Lair:4   | Noticed a death yak
 14052 | Lair:4   | Noticed a death yak
 14096 | Lair:4   | Killed a death yak
 14106 | Lair:4   | Killed a death yak
 14107 | Lair:4   | Reached skill level 5 in Invocations
 14139 | Lair:4   | Identified the +0 cloak of Vusuurr {Will+} (Okawaru gifted
                  | it to you on level 4 of the Lair of Beasts)
 14139 | Lair:4   | Received a gift from Okawaru
 14235 | Lair:4   | Reached XP level 13. HP: 65/65 MP: 18/18
 14332 | Lair:4   | Identified the ring of the Conjuring Gods {MP+9 Str-2 Dex+6
                  | Slay+4 SInv}
 14367 | Lair:4   | Found a staircase to the Slime Pits.
 14939 | Lair:5   | Entered Level 5 of the Lair of Beasts
 15015 | Lair:5   | Noticed Sonja
 15196 | Lair:5   | Noticed Nessos
 15202 | Lair:5   | Killed Nessos
 15482 | Lair:5   | Reached skill level 1 in Evocations
 15802 | Lair:5   | Killed Sonja
 16019 | Orc:1    | Entered Level 1 of the Orcish Mines
 16019 | Orc:1    | Noticed Harold
 16019 | Orc:1    | Noticed Fannar
 16123 | D:11     | Killed Erolcha
 16123 | D:11     | Received a gift from Okawaru
 17316 | D:13     | Noticed Maurice
 17319 | D:13     | Killed Maurice
 17709 | D:14     | Reached skill level 17 in Ranged Weapons
 17720 | D:13     | Slain by a freezing wraith

Illustrated notes

Levels and vault maps discovered:
D:1:      lemuel_arrival_tunnels, layout_basic,
          shapermc_ecumenical_altar_acropolis, kennysheep_decorative_pillar
D:2:      layout_basic
D:3:      layout_basic, tgw_kikubaaqudgha, mainiacjoe_overflow_catch_the_wave,
          minmay_cut_off
D:4:      layout_loops_ring, grunt_decor_one_mirror, st_stairs_8
D:5:      layout_loops_corners, minmay_temple_entry_arrows
D:6:      layout_basic, fedhas_altar_2, gammafunk_ghost_nasty_kobolds,
          minmay_bent
D:7:      layout_cave_pools, mainiacjoe_overflow_concentric_impassable
D:8:      layout_cave_pods, serial_shops, shop
D:9:      layout_loops_ring, xom_shifter_show, zin_scriptorium,
          dpeg_lair_monsters
D:10:     layout_stronghold, nicolae_overflow_two_pavilions, orc_0_dummy,
          ebering_ghost_disaster_area, minmay_fractal_squares_gapless_5
D:11:     layout_basic, serial_shops, nicolae_shop_window_shopping, uniq_erolcha
D:12:     layout_loops_ring, gammafunk_ghost_hive, kennysheep_big_empty_room
D:13:     layout_loops_cross, serial_glass, glass_columns_a, glass_columns_b,
          uniq_maurice
D:14:     slaughterhouse, layout_basic, grunt_vaults_entry_fortified,
          ebering_dispersal_statue_hall, mikee_hates_you
Temple:   nicolae_temple_ecumenical_triangle
Lair:1:   layout_gridlike, basic_altar, chequers_serial_rivers_room_a
Lair:2:   layout_chaotic_city, minmay_shoals_entry_lonely_mermaid,
          beast_lair_carwin_9
Lair:3:   hellmonk_ruined_rings, layout_regular_city,
          nicolae_spider_entry_orb_guardian
Lair:4:   layout_gridlike, dpeg_slime_entry_enclosed, lemuel_another_geyser
Lair:5:   evilmike_catoblepas_cave, layout_regular_city, lemuel_fruit_fields,
          uniq_nessos, uniq_sonja
Orc:1:    layout_caves, statue_in_the_mist_lemuel, nicolae_alphabet_shops,
          nicolae_orc_lost_temple, uniq_nergalle, uniq_harold, uniq_fannar

Skill      XL: |  1  2  3  4  5  6  7  8  9 10 11 12 13 |
---------------+----------------------------------------+-----
Dodging        | 3 4 5 7 8 10 | 10.4
Stealth        | 2 3 4 5 6 8 10 11 | 11.6
Fighting       | 2 3 4 5 6 |  6.5
Ranged Weapons | 5 6 7 8 10 11 14 16 17 | 17.0
Invocations    | 1 2 5 8 |  8.4
Armour         | 1 4 5 6 |  6.1
Evocations     | 2 |  2.7

Action                     |  1- 3 |  4- 6 |  7- 9 | 10-12 | 13-15 || total
---------------------------+-------+-------+-------+-------+-------++-------
   Fire: Shortbow          |   112 |   127 |   407 |   668 |   167 ||  1481
         Sling             |       |       |       |     5 |       ||     5
         Arbalest          |       |       |       |       |    83 ||    83
 Invoke: Heroism           |       |       |     5 |     8 |     4 ||    17
         Finesse           |       |       |       |     2 |     4 ||     6
  Evoke: Wand              |       |       |     6 |     1 |       ||     7
         Condenser vane    |       |       |       |     1 |       ||     1
    Use: Scroll            |     4 |     4 |     8 |     7 |       ||    23
         Potion            |       |       |     1 |       |       ||     1
 Armour: Robe              |     4 |     3 |     7 |       |       ||    14
         Fire dragon scale |       |       |       |    70 |    43 ||   113
  Dodge: Dodged            |    36 |    44 |   159 |   355 |    83 ||   677
         Repelled          |       |       |     4 |     1 |       ||     5

Table legend: (Time is in decaauts)
 A = Elapsed time spent in this place.
 B = Non-inter-level travel time spent in this place.
 C = Inter-level travel time spent in this place.
 D = Time resting spent in this place.
 E = Time spent auto-exploring this place.
 F = Levels seen in this place.
 G = Mean time per level.
                   A        B        C        D        E       F      G
               +--------+--------+--------+--------+--------+-----+--------+
         Total |  13119 |  12473 |    646 |    659 |   8870 |  21 |  624.7 |
       Dungeon |   9203 |   8727 |    476 |    477 |   6066 |  14 |  657.4 |
        Temple |     24 |     16 |      8 |      0 |      5 |   1 |   24.0 |
          Lair |   3887 |   3726 |    161 |    181 |   2798 |   5 |  777.4 |
  Orcish Mines |      3 |      3 |      0 |      0 |      0 |   1 |    3.0 |
               +--------+--------+--------+--------+--------+-----+--------+

Top non-repeatable levels by time:
     D:5: 1357 daAuts
    D:10: 985 daAuts
  Lair:2: 914 daAuts
  Lair:4: 906 daAuts
     D:6: 862 daAuts
  Lair:3: 858 daAuts
    D:11: 797 daAuts
  Lair:5: 762 daAuts
     D:8: 748 daAuts
     D:3: 726 daAuts
    D:13: 692 daAuts
     D:9: 679 daAuts
    D:12: 576 daAuts
     D:1: 509 daAuts
     D:7: 493 daAuts
